 Dungeon Crawl Stone Soup version 0.21.1-1-g345015fe64 (webtiles) character file.

1774 JOKERXD40 the Cleaver (level 9, -8/78 HPs)
             Began as a Hill Orc Fighter on July 13, 2018.
             Was a Believer of Beogh.
             Mangled by Loge's ghost (16 damage)
             ... on level 7 of the Dungeon.
             The game lasted 00:23:16 (7260 turns).

JOKERXD40 the Cleaver (Hill Orc Fighter)            Turns: 7260, Time: 00:23:17

Health: -8/78      AC:  8    Str: 22    XL:     9   Next: 7%
Magic:  0/0        EV: 10    Int:  8    God:    Beogh [**....]
Gold:   339        SH: 11    Dex: 10    Spells: 8/8 levels left

rFire    + + .     SeeInvis .   a - +0 war axe
rCold    . . .     Gourm    .   s - +0 shield
rNeg     . . .     Faith    .   y - +1 ring mail of Wunug {+Fly rElec rF++ MP-9}
rPois    .         Spirit   .   (no helmet)
rElec    +         Reflect  .   u - +0 cloak
rCorr    .         Harm     .   (no gloves)
MR       .....                  (no boots)
Stlth    ..........             r - amulet of rage
HPRegen  0.23/turn              (no ring)
MPRegen  0.07/turn              (no ring)

@: no status effects
A: no striking features
a: Smiting, Renounce Religion, Evoke Berserk Rage, Evoke Flight


You were on level 7 of the Dungeon.
You worshipped Beogh.
Beogh was pleased with you.
You were hungry.

You visited 1 branch of the dungeon, and saw 7 of its levels.

You collected 339 gold pieces.

Inventory:

Hand Weapons
 a - a +0 war axe (weapon)
 w - a +3 mace of venom
 C - a cursed -1 shortbow
 I - a +1 trident of freezing
Missiles
 D - 55 arrows
Armour
 s - a +0 shield (worn)
 u - a +0 cloak (worn)
 y - the +1 ring mail of Wunug (worn) {+Fly rElec rF++ MP-9}
   (You found it on level 4 of the Dungeon)

   It greatly protects you from fire.
   It insulates you from electricity.
   It affects your magic capacity (-9).
   It lets you fly.
Jewellery
 m - an uncursed amulet of regeneration
 r - an amulet of rage (around neck)
Wands
 x - a wand of polymorph (17)
Scrolls
 b - 2 scrolls of fog {unknown}
 c - 3 scrolls of fear
 g - a scroll of blinking {unknown}
 i - 2 scrolls of noise {unknown}
 j - 3 scrolls of immolation
 k - 3 scrolls of remove curse
 n - 2 scrolls of teleportation {unknown}
 p - a scroll of amnesia {unknown}
 q - 3 scrolls of identify
 A - a scroll of enchant armour {unknown}
 B - 4 scrolls of enchant weapon
 J - 3 scrolls of magic mapping {unknown}
Potions
 d - a potion of might
 e - 3 potions of heal wounds
 h - a potion of ambrosia {unknown}
 l - a potion of magic {unknown}
 o - a potion of agility {unknown}
 t - 2 potions of haste
 v - a potion of degeneration {unknown}
 z - 2 potions of curing {unknown}
 E - a potion of flight {unknown}
 F - a potion of mutation {unknown}
 G - a potion of brilliance {unknown}
 H - a potion of lignification {unknown}
Comestibles
 f - a ration


   Skills:
 + Level 6.4 Fighting
 + Level 9.3 Axes
 + Level 5.8 Armour
 + Level 2.0 Dodging
 * Level 7.2 Shields


You had 8 spell levels left.
You didn't know any spells.

Dungeon Overview and Level Annotations

Branches:
Dungeon (7/15)             Temple (0/1) D:6

Altars:
Hepliaklqana
Ru

Annotations:
D:7 Loge's ghost, novice MiBe


Message History

You slash the wight!
You destroy the wight!
Beogh accepts your kill.
No target in view!
No target in view!
No target in view!
No target in view!
Things that are here:
a trident of freezing; a robe
I - a trident of freezing
There is a stone staircase leading down here.
You climb downwards.
Level annotation: Loge's ghost, novice MiBe Loge's ghost hits you!!
The wight hits you with a trident.
There is a stone staircase leading up, spattered with blood here.
You closely miss the wight. You closely miss Loge's ghost.
Loge's ghost hits you! You block the wight's attack. Loge's ghost hits you!!
* * * LOW HITPOINT WARNING * * *
The wight hits you but does no damage. Loge's ghost hits you!
You die...

#..#.# #..#.#
#..#.# #..#.#
#..#.####..
#........ .
.##.###[#..###....
......†<†z@W.....#
.$....###.########
..... #.# #### #.#
..# #.. ... #..


You could see a wight and Loge's ghost.

Vanquished Creatures
  Grinder (D:6)
  2 phantoms
  An ice beast (D:5)
  A centaur (D:5)
  A crocodile (D:5)
  2 bullfrogs (D:6)
  A killer bee (D:4)
  A wight (D:6)
  2 crimson imps (D:6)
  2 bullfrog zombies (D:5)
  3 hounds
  A gnoll shaman (D:6)
  2 orc priests (D:6)
  Crazy Yiuf (D:3)
  2 iguanas
  A bullfrog skeleton (D:4)
  5 worker ants
  5 orc wizards
  A hound skeleton (D:5)
  2 worker ant zombies
  11 adders
  3 gnolls (D:6)
  An ooze (D:2)
  2 worms (D:3)
  3 dart slugs
  4 leopard geckos
  12 orcs
  7 bats
  5 giant cockroaches
  7 goblins
  8 hobgoblins
  6 jackals
  5 kobolds
  3 quokkas
  5 frilled lizards
  A jackal skeleton (D:4)
  4 rats
  A fungus (D:3)
125 creatures vanquished.

Vanquished Creatures (others)
  A goblin (D:3)
1 creature vanquished.

Grand Total: 126 creatures vanquished

Notes
Turn   | Place    | Note
-------+----------+-------------------------------------------
     0 | D:1      | JOKERXD40 the Hill Orc Fighter began the quest for the Orb.
     0 | D:1      | Reached XP level 1. HP: 19/19 MP: 1/1
   570 | D:1      | Reached XP level 2. HP: 27/27 MP: 2/2
   852 | D:1      | Reached skill level 3 in Axes
  1212 | D:2      | Reached XP level 3. HP: 29/33 MP: 3/3
  1539 | D:2      | Reached XP level 4. HP: 41/41 MP: 4/4
  2200 | D:2      | Found a sacrificial altar of Ru.
  2393 | D:3      | Reached skill level 4 in Axes
  2416 | D:3      | Became a worshipper of Beogh the Brigand
  2429 | D:3      | Reached XP level 5. HP: 40/47 MP: 5/5
  3246 | D:3      | Reached * piety under Beogh
  3246 | D:3      | Reached skill level 5 in Fighting
  3636 | D:3      | Found a runed door.
  3640 | D:3      | Noticed Crazy Yiuf
  3649 | D:3      | Killed Crazy Yiuf
  4020 | D:4      | Reached skill level 5 in Axes
  4020 | D:4      | Reached XP level 6. HP: 46/56 MP: 6/6
  4195 | D:4      | Noticed a phantom
  4232 | D:4      | Killed a phantom
  4232 | D:4      | Reached skill level 1 in Dodging
  4395 | D:4      | Got a distressingly furry ring mail
  4406 | D:4      | Identified the cursed +1 ring mail of Wunug {+Fly rElec rF++ MP-9} (You found it on level 4 of the Dungeon)
  4560 | D:4      | Reached skill level 5 in Shields
  4694 | D:4      | Reached XP level 7. HP: 43/61 MP: 0/7
  5100 | D:5      | Entered Level 5 of the Dungeon
  5153 | D:5      | Reached skill level 6 in Axes
  5503 | D:5      | Reached skill level 5 in Armour
  5645 | D:5      | Reached skill level 7 in Axes
  5645 | D:5      | Reached XP level 8. HP: 61/69 MP: 0/8
  5892 | D:5      | Found a hazy altar of Hepliaklqana.
  6304 | D:6      | Noticed Grinder
  6315 | D:6      | Killed Grinder
  6315 | D:6      | Reached skill level 8 in Axes
  6554 | D:6      | Reached ** piety under Beogh
  6587 | D:6      | Found a staircase to the Ecumenical Temple.
  7109 | D:6      | Reached skill level 9 in Axes
  7173 | D:7      | Noticed Loge's ghost (novice MiBe)
  7175 | D:7      | Reached XP level 9. HP: 73/77 MP: 0/9
  7260 | D:7      | Mangled by Loge's ghost

Skill      XL: |  1  2  3  4  5  6  7  8 |
---------------+-------------------------+-----
Fighting       | 4 5 6 |  6.4
Axes           | 3 4 5 7 9 |  9.3
Shields        | 4 5 6 7 |  7.2
Armour         | 4 5 |  5.8
Dodging        | 1 2 |  2.0

Action                   |  1- 3 |  4- 6 |  7- 9 || total
-------------------------+-------+-------+-------++-------
Melee: War axe           |   120 |   252 |   232 ||   604
Invok: Convert to Beogh  |       |     1 |       ||     1
 Abil: Evoke Berserk Rag |       |       |     2 ||     2
  Use: Scroll            |       |     6 |     1 ||     7
  Eat: Chunk             |     2 |     3 |     4 ||     9
       Ration            |       |     2 |     2 ||     4
Armor: Scale mail        |    78 |     6 |       ||    84
       Chain mail        |       |    80 |       ||    80
       Ring mail         |       |    18 |    93 ||   111
Dodge: Dodged            |    39 |    61 |    86 ||   186
Block: Shield            |    66 |   101 |   112 ||   279
